 Dungeon Crawl Stone Soup version 0.28.0-45-g0d030f2227 (webtiles) character file.

Game seed: 954242786501917164

237 Icepheonix32 the Covered (level 5, -3/42 HPs)
             Began as a Demonspawn Fighter on Apr 16, 2022.
             Slain by a scorpion (7 damage)
             ... on level 4 of the Dungeon.
             The game lasted 00:02:52 (3693 turns).

Icepheonix32 the Covered (Demonspawn Fighter)       Turns: 3693, Time: 00:02:52

Health: -3/42      AC: 14    Str: 19    XL:     5   Next: 77%
Magic:  5/5        EV:  9    Int:  9    God:
Gold:   122        SH:  4    Dex: 12    Spells: 4/4 levels left

rFire   . . .      SeeInvis .   p - +2 mace (protect)
rCold   + . .      Faith    .   c - +0 buckler
rNeg    . . .      Spirit   .   b - +0 scale mail
rPois   .          Reflect  .   (no helmet)
rElec   .          Harm     .   o - +0 cloak
rCorr   .          Rampage  .   (no gloves)
Will    .....                   (no boots)
Stlth   ..........              l - amulet of the acrobat
HPRegen 0.14/turn               k - ring of protection from cold
MPRegen 0.09/turn               (no ring)

@: lethally poisoned (-3 -> -4), sanguine armoured
A: demonic guardian 1, ignite blood 2, sanguine armour 1
a: no special abilities


You were on level 4 of the Dungeon.
You visited 1 branch of the dungeon, and saw 4 of its levels.

You collected 122 gold pieces.

Inventory:

Hand Weapons
 a - a +0 long sword
 n - a +4 quarterstaff of chaos
 p - a +2 mace of protection (weapon)
Armour
 b - a +0 scale mail (worn)
 c - a +0 buckler (worn)
 h - a +0 chain mail
 o - a +0 cloak (worn)
Jewellery
 g - a ring of ice
 k - a ring of protection from cold (left hand)
 l - an amulet of the acrobat (around neck)
Scrolls
 i - a scroll of fear {unknown}
 j - a scroll of immolation {unknown}
 q - a scroll of identify
Potions
 d - a potion of might
 e - a potion of curing
 f - a potion of flight {unknown}
 m - 2 potions of heal wounds {unknown}


   Skills:
 + Level 3.8 Fighting
 - Level 2.2 Long Blades
 + Level 0.5 Maces & Flails
 + Level 4.4 Armour
 + Level 1.3 Dodging
 + Level 0.8 Stealth
 + Level 3.3 Shields


You had 4 spell levels left.
You didn't know any spells.
Your spell library contained the following spells:

 Spells                   Type           Power      Damage    Failure   Level
 Blink                    Tloc           0%         N/A       93%         2
 Corpse Rot               Necr/Air       0%         N/A       93%         2
 Dispel Undead            Necr           0%         3d6       100%        4
 Manifold Assault         Tloc           0%         N/A       100%        5
 Summon Forest            Summ/Tloc      0%         N/A       100%        5
 Death Channel            Necr           0%         N/A       100%        6
 Eringya's Noxious Bog    Tmut/Pois      0%         N/A       100%        6
 Storm Form               Tmut/Air       0%         N/A       100%        7
 Summon Hydra             Summ           0%         N/A       100%        7


Dungeon Overview and Level Annotations

Branches:
Dungeon (4/15)
 Temple: D:4-7

Altars:

Shops:
D:1 ?

Annotations:
D:4 2 transporters


Innate Abilities, Weirdness & Mutations

A weak demonic guardian rushes to your aid.
Your demonic aura often causes spilled blood to erupt in flames.
When seriously injured, your blood forms armour. (AC +6)


Message History

Found a shortbow.
You see here a scroll labelled JYNUAD ZAFEDIO.
You block the scorpion's attack.
You barely miss the scorpion.
The scorpion stings you but does no damage.
The shadow imp puffs mist at you.
You closely miss the scorpion. The scorpion stings you. x2
You hit the scorpion but do no damage.
Your weapon exudes an aura of protection.
The scorpion stings you but does no damage.
The scorpion barely misses you.
You hit the scorpion but do no damage. The scorpion barely misses you.
The scorpion stings you.
Your blood congeals into armour.
You are poisoned.
The scorpion poisons you!
You completely miss the scorpion.
You feel very sick. The scorpion closely misses you.
You are too injured to fight recklessly!
You are too injured to fight recklessly!
You are too injured to fight recklessly!
You are too injured to fight recklessly!
You are too injured to fight recklessly!
You are too injured to fight recklessly!
You feel sick. The scorpion completely misses you.
You block the scorpion's attack.
You see here a scroll labelled JYNUAD ZAFEDIO.
You feel sick. The scorpion misses you.
You feel sick. The scorpion completely misses you.
You hit the scorpion but do no damage.
Your weapon exudes an aura of protection.
You feel sick.
The scorpion stings you but does no damage.
The scorpion barely misses you.
You barely miss the scorpion.
You feel sick. The scorpion stings you.
* * * LOW HITPOINT WARNING * * *
A demonic guardian appears!
Unknown command.
You barely miss the scorpion.
You feel sick. The scorpion stings you!
You die...

....#..........
.#...).........
=..............
©............#
#####........# #
©$P8#........#.##
(..≈#............
+####..?s........
..≈5#...@........
..≈o#..5###......
≈≈≈≈≈.#...# .......
≈≈⌠≈≈.#...##.......
≈≈≈≈≈.#...#........
.≈...≈.#.#..........
.≈...≈.#.#..#.......
###+####....##......
P../..P#...## #.....


You could see a scorpion (ally target), an orc priest, a shadow imp and a
friendly shadow imp (summoned).

Vanquished Creatures
  An ogre (D:4)
  Crazy Yiuf (D:3)
  An orc priest (D:2)
  An orc wizard (D:2)
  2 adders
  An adder skeleton (D:4)
  A worm (D:2)
  3 orcs (D:2)
  6 ball pythons
  3 endoplasms
  A giant cockroach (D:3)
  4 goblins
  3 hobgoblins (D:1)
  5 jackals (D:1)
  3 bats
  4 frilled lizards
  6 kobolds
  2 rats
48 creatures vanquished.

Vanquished Creatures (collateral kills)
  A worm (D:2)
  A kobold (D:2)
2 creatures vanquished.

Grand Total: 50 creatures vanquished

Notes
Turn   | Place    | Note
-------+----------+-------------------------------------------
     0 | D:1      | Icepheonix32 the Demonspawn Fighter began the quest for the
                  | Orb.
     0 | D:1      | Reached XP level 1. HP: 18/18 MP: 1/1
   160 | D:1      | Found a faded altar of an unknown god.
   205 | D:1      | Gained mutation: Your demonic aura sometimes causes spilled
                  | blood to erupt in flames. [demonic ancestry]
   205 | D:1      | Reached XP level 2. HP: 10/24 MP: 2/2
   215 | D:1      | HP: 1/24 [jackal (3)]
   510 | D:1      | Found Lezaomm's Magic Scroll Emporium.
   565 | D:1      | Reached skill level 3 in Armour
  1213 | D:2      | Gained mutation: A weak demonic guardian rushes to your
                  | aid. [demonic ancestry]
  1213 | D:2      | Reached XP level 3. HP: 19/29 MP: 3/3
  1783 | D:2      | Gained mutation: When seriously injured, your blood forms
                  | armour. (AC +6) [demonic ancestry]
  1783 | D:2      | Reached XP level 4. HP: 34/35 MP: 4/4
  1797 | D:2      | Reached skill level 1 in Dodging
  2687 | D:3      | Found a runed translucent door.
  2688 | D:3      | Noticed Crazy Yiuf
  3438 | D:3      | Killed Crazy Yiuf
  3439 | D:3      | Gained mutation: Your demonic aura often causes spilled
                  | blood to erupt in flames. [demonic ancestry]
  3439 | D:3      | Reached XP level 5. HP: 11/41 MP: 5/5
  3623 | D:4      | Noticed an ogre
  3628 | D:4      | Reached skill level 4 in Armour
  3628 | D:4      | Killed an ogre
  3647 | D:4      | Found a transporter.
  3668 | D:4      | Found a transporter.
  3693 | D:4      | Slain by a scorpion

Illustrated notes

Levels and vault maps discovered:
D:1:      dpeg_arrival_arbitrary_a, layout_rooms,
          hellmonk_ecumenical_altar_dog_temple, serial_shops, shop_fountains
D:2:      layout_loops_corners
D:3:      layout_loops_ring, uniq_crazy_yiuf_cottage
D:4:      gammafunk_wand_slinger, layout_cave_pools, cheibriados_altar_1,
          worldfamousw_hep_ancestral_shrine, kennysheep_cross_bottleneck,
          chequers_serial_rivers_micro_a, uniq_ijyb

Skill      XL: |  1  2  3  4  5 |
---------------+----------------+-----
Armour         | 3 4 |  4.4
Long Blades    | 2 |  2.2
Shields        | 3 |  3.3
Dodging        | 1 |  1.3
Fighting       | |  3.8
Maces & Flails | |  0.5
Stealth        | |  0.8

Action                   |  1- 3 |  4- 6 || total
-------------------------+-------+-------++-------
Melee: Long sword        |   105 |    43 ||   148
       Mace              |       |    24 ||    24
  Use: Scroll            |     2 |       ||     2
       Potion            |       |     1 ||     1
Armor: Scale mail        |    76 |    31 ||   107
Dodge: Dodged            |    37 |    30 ||    67
Block: Buckler           |    33 |    10 ||    43
